 Dungeon Crawl Stone Soup version 0.16-a0-3940-gf8a207b (console) character file.

6 hhkb the Stinger (level 1, 0/11 HPs)
             Began as an Octopode Venom Mage on Feb 7, 2015.
             Slain by a goblin (2 damage)
             ... on level 1 of the Dungeon.
             The game lasted 00:02:13 (412 turns).

hhkb the Stinger (Octopode Venom Mage)               Turns: 412, Time: 00:02:14

Health: 0/11       AC:  1    Str:  7    XL:     1   Next: 90%
Magic:  2/3        EV: 12    Int: 17    God:
Gold:   7          SH:  0    Dex: 12    Spells: 1 memorised, 3 levels left

rFire  . . .     SeeInvis .     (no weapon)
rCold  . . .     Clarity  .     (no shield)
rNeg   . . .     SustAb   .     (helmet restricted)
rPois  .         Gourm    .     (no amulet)
rElec  .         Spirit   .     (no ring)
rCorr  .         Warding  .     (no ring)
rMut   .         Stasis   .     (no ring)
MR     .....                    (no ring)
Stlth  +++.......               (no ring)
                                (no ring)
                                (no ring)
                                (no ring)

@: not resistant to hostile enchantments, fairly stealthy
A: almost no armour, amphibious, 8 rings, constrict 8, camouflage 1, gelatinous
body 1
a: no special abilities


You were on level 1 of the Dungeon.
You were not hungry.

You visited 1 branch of the dungeon, and saw 1 of its levels.

You collected 7 gold pieces.

Inventory:

Hand weapons
 d - a +0 club
   (You took it off a hobgoblin on level 1 of the Dungeon)
 e - a +0 dagger
   (You took it off a goblin on level 1 of the Dungeon)
 g - a +0 club
   (You took it off a hobgoblin on level 1 of the Dungeon)
Missiles
 h - 17 stones (quivered)
Scrolls
 j - a scroll of immolation {unknown}
 k - a scroll of magic mapping {unknown}
Potions
 a - a potion of might {unknown}
 f - a potion of ambrosia {unknown}
Books
 b - a Young Poisoner's Handbook
Comestibles
 c - a bread ration {@e1}
 i - a royal jelly


   Skills:
 - Level 2.0 Dodging
 - Level 2.6 Stealth
 - Level 2.0 Spellcasting
 + Level 1.4 Conjurations
 - Level 4.8 Poison Magic


You had 3 spell levels left.
You knew the following spells:

 Your Spells              Type           Power        Failure   Level  Hunger
a - Sting                 Conj/Pois      ##..         6%          1    #......


Dungeon Overview and Level Annotations

Branches:
Dungeon (1/15)

Altars:


Innate Abilities, Weirdness & Mutations

You cannot wear most types of armour.
You are amphibious.
You can wear up to eight rings at the same time.
You can use your tentacles to constrict many enemies at once.
Your skin changes colour to match your surroundings (Stealth).
Your rubbery body absorbs attacks (AC +1).


Message History

You now have 0/3 mp.
You start resting.
A goblin comes into view. It is wielding a dagger.
A goblin is nearby!
You start resting.
MP restored: 3 A goblin is nearby!
A goblin is nearby!
You miscast Sting.
You are very lightly contaminated with residual magic.
Nothing appears to happen.
The goblin shouts!
You now have 2/3 mp.
You see here a hobgoblin corpse.
You can't see any susceptible monsters within range! (Use Z to cast anyway.) Unknown command.
The sting hits the goblin.
The goblin is poisoned.
You kill the goblin!
Your Conjurations skill increases to level 1!
e - a dagger Your magical contamination has completely faded away.
f - a pink potion MP restored: 3 A hobgoblin comes into view.
It is wielding a club.
A hobgoblin is nearby!
A hobgoblin is nearby!
A hobgoblin is nearby!
The sting hits the hobgoblin.
You now have 2/3 mp.
The sting misses the hobgoblin.
You now have 1/3 mp.
The sting hits the hobgoblin.
You now have 0/3 mp.
You see here a kobold corpse.
You tentacle-slap the hobgoblin but do no damage.
Your grab misses the hobgoblin. The hobgoblin misses you.
You tentacle-slap the hobgoblin.
You kill the hobgoblin!
g - a club
h - 17 stones A rat comes into view.
MP restored: 3 A rat is nearby!
A rat is nearby!
A rat is nearby!
The sting hits the rat.
The rat is poisoned.
You kill the rat!
You now have 2/3 mp.
i - a royal jelly A rat comes into view.
MP restored: 3 A rat is nearby!
A rat is nearby!
The sting hits the rat.
The rat is poisoned.
You now have 2/3 mp.
The sting misses the rat.
You kill the rat!
You now have 1/3 mp.
You start resting.
MP restored: 3 You see here a rat corpse.
Found a stone staircase leading down.
j - a scroll labeled ILOQUHANAYN You now have 7 gold pieces.
There is a stone staircase leading down here.
k - a scroll labeled OGINOC GHOR NIR
Found a stone staircase leading down.
There is a stone staircase leading down here.
A goblin comes into view.
The goblin shouts!
A goblin is nearby!
A goblin is nearby!
A goblin is nearby!
You miscast Sting.
You are very lightly contaminated with residual magic.
You feel mildly nauseous. The goblin misses you.
You now have 2/3 mp.
The sting misses the goblin.
The goblin closely misses you.
You now have 1/3 mp.
There is a stone staircase leading down here.
The sting hits the goblin.
The goblin closely misses you.
You now have 0/3 mp.
The sting hits the goblin.
The goblin hits you.
You take 4 damage, and have 7/11 hp.
MASSIVE DAMAGE!!
You now have 0/3 mp.
You tentacle-slap the goblin. Your grab misses the goblin. The goblin hits you.
* * * LOW HITPOINT WARNING * * *
You take 4 damage, and have 3/11 hp.
MASSIVE DAMAGE!!
Your magical contamination has completely faded away.
The sting misses the goblin.
The goblin hits you.
* * * LOW HITPOINT WARNING * * *
You take 1 damage, and have 2/11 hp.
You now have 0/3 mp.
The sting misses the goblin.
The goblin hits you.
* * * LOW HITPOINT WARNING * * *
You take 1 damage, and have 2/11 hp.
The sting hits the goblin.
The goblin is poisoned.
The goblin hits you.
You die...

.....#.#.........###..## .....
......#...#..<..# ##†.# $....
#####[#.............###...# .....
....#.#...##.#......#.....# ....
.##.........###.........#.# ####
.##.#...#.....#..⌠.....##.##
.##.....#####.#.....####...######
.#...#..#.# #.#######......#.....
.#.#.#..#.###..g@.....#..#...#..#
.#.#..........#########.....##...
.#.###..#.##### ##..........
..........# #......†....
..........# #.#.........
..........##### #.#.........
..............# #.#.........
..............# ...........
........####### ...........


You could see a goblin.

Vanquished Creatures
  2 hobgoblins (D:1)
  A kobold (D:1)
  A goblin (D:1)
  2 rats (D:1)
6 creatures vanquished.

Notes
Turn   | Place    | Note
--------------------------------------------------------------
     0 | D:1      | hhkb, the Octopode Venom Mage, began the quest for the Orb.
     0 | D:1      | Reached XP level 1. HP: 11/11 MP: 3/3
    98 | D:1      | Reached skill level 1 in Conjurations
   366 | D:1      | HP: 2/11 [goblin (1)]
   406 | D:1      | HP: 2/11 [goblin (1)]
   412 | D:1      | Slain by a goblin

Action                   || total
-------------------------++-------
Melee: Unarmed           ||     3
 Cast: Sting             ||    17

Vault maps used:
D:1:      dpeg_arrival_arbitrary_c, minmay_bisected

Table legend:
 A = Turns spent in this place as a percentage of turns spent in the entire game.
 B = Non-inter-level travel turns spent in this place as a percentage of non-inter-level travel turns spent in the entire game.
 C = Inter-level travel turns spent in this place as a percentage of turns spent in this place.
 D = Turns resting spent in this place as a percentage of non-inter-level travel turns spent in this place.
 E = Turns spent auto-exploring this place as a percentage of non-inter-level travel turns spent in this place.
 F = Non-inter-level travel turns spent in this place divided by the number of levels of this place that you've seen.
                   A       B       C       D       E      F
               +-------+-------+-------+-------+-------+----------------------
         Total | 100.0 | 100.0 |   0.0 |   2.5 |   6.2 | 240.0
       Dungeon | 100.0 | 100.0 |   0.0 |   2.5 |   6.2 | 240.0
               +-------+-------+-------+-------+-------+----------------------

Table legend:
 A = Kills in this place as a percentage of kills in entire the game.
 B = Kills by you in this place as a percentage of kills by you in the entire game.
 C = Kills by friends in this place as a percentage of kills by friends in the entire game.
 D = Other kills in this place as a percentage of other kills in the entire game.
 E = Experience gained in this place as a percentage of experience gained in the entire game.
 F = Experience gained in this place divided by the number of levels of this place that you have seen.
                   A       B       C       D       E      F
               +-------+-------+-------+-------+-------+----------------------
         Total | 100.0 | 100.0 |  -nan |  -nan | 100.0 |   9.0
       Dungeon | 100.0 | 100.0 |  -nan |  -nan | 100.0 |   9.0
               +-------+-------+-------+-------+-------+----------------------
